 Dungeon Crawl Stone Soup version 0.24-a0-228-g05560da (webtiles) character file.

Game seed: 17746835403972069738

101 Gospel the Magician (level 4, -9/30 HPs)
             Began as a Mummy Summoner on Apr 1, 2019.
             Killed from afar by an orc wizard (12 damage)
             ... with a puff of flame
             ... on level 4 of the Dungeon.
             The game lasted 00:05:19 (3985 turns).

Gospel the Magician (Mummy Summoner)                Turns: 3985, Time: 00:05:19

Health: -9/30      AC:  3    Str: 11    XL:     4   Next: 48%
Magic:  1/10       EV: 12    Int: 15    God:
Gold:   200        SH:  0    Dex: 12    Spells: 6/12 levels left

rFire    x . .     SeeInvis .   (no weapon)
rCold    + . .     Gourm    .   (no shield)
rNeg     + + +     Faith    .   a - +0 robe
rPois    ∞         Spirit   .   (no helmet)
rElec    .         Reflect  .   (no cloak)
rCorr    .         Harm     .   i - +0 pair of gloves
MR       .....                  (no boots)
Stlth    ++........             (no amulet)
HPRegen  0.10/turn              b - ring of stealth
MPRegen  0.12/turn              (no ring)

@: confused
A: no food or potions, fire vulnerability, cold resistance 1, negative energy
resistance 3, torment resistance, unbreathing
a: no special abilities


You were on level 4 of the Dungeon.
You were not hungry.

You visited 1 branch of the dungeon, and saw 4 of its levels.

You collected 200 gold pieces.

Inventory:

Armour
 a - a +0 robe (worn)
 i - a +0 pair of gloves (worn)
Jewellery
 b - a ring of stealth (left hand)
Scrolls
 c - 2 scrolls of random uselessness {unknown}
 d - 3 scrolls of identify
 e - a scroll of noise {unknown}
 f - a scroll of enchant weapon {unknown}
 g - 2 scrolls of remove curse {unknown}
 h - a scroll of teleportation {unknown}
 j - a scroll of immolation {unknown}


   Skills:
 - Level 1.5 Dodging
 - Level 1.5 Stealth
 + Level 4.5 Spellcasting
 + Level 4.2 Summonings


You had 6 spell levels left.
You knew the following spells:

 Your Spells              Type           Power        Failure   Level  Hunger
a - Summon Small Mammal   Summ           ###.         3%          1    N/A
b - Call Imp              Summ           ###.....     4%          2    N/A
c - Call Canine Familiar  Summ           ###.....     9%          3    N/A

Your spell library contained the following spells:

 Spells                   Type           Power        Failure   Level  Hunger
 Summon Guardian Golem    Hex/Summ       #.......     22%         3    N/A
 Summon Ice Beast         Ice/Summ       #.......     56%         4    N/A
 Summon Lightning Spire   Summ/Air       #.......     56%         4    N/A

Dungeon Overview and Level Annotations

Branches:
Dungeon (4/15)
 Temple: D:4-7

Altars:
Nemelex Xobeh
Sif Muna


Innate Abilities, Weirdness & Mutations

You do not eat or drink.
Your flesh is vulnerable to fire.
You are immune to poison.
Your flesh is cold resistant. (rC+)
You are immune to negative energy. (rN+++)
You are immune to unholy pain and torment.
You can survive without breathing.


Message History

You hear some strange, mumbled words.
A puff of flame appears from out of thin air!
The puff of flame hits you. The fire burns you terribly!
* * * LOW HITPOINT WARNING * * *
Your hound bites something but does no damage.
Unknown command.
What are your orders? t - Shout!
Anything else - Cancel.
Okay, then.
Unknown command.
You bump into the rock wall.
You hear some strange, mumbled words.
Something tries to affect you, but you resist.
Your hound bites something but does no damage.
Unknown command.
You're too confused to move!
Your hound closely misses something.
You hear some strange, mumbled words.
A puff of flame appears from out of thin air!
The puff of flame hits you! The fire burns you terribly!
You die...

.........#########
..##.............#
#.....#.#####.#
####..#.# #.#
#..#.# #.# ......
#.# ##..#.# #.#
.....# #.# #..#.#
#@# .#.#.###(#
.....)h{#
.#.#..##(####
............#
.#.......####
.....>...#
###.#.#### # #.


You could see a friendly hound.

Vanquished Creatures
  An ooze (D:1)
  A dart slug (D:1)
  3 goblins
  A ball python (D:2)
  A bat (D:1)
  A frilled lizard (D:3)
8 creatures vanquished.

Vanquished Creatures (collateral kills)
  2 orc priests (D:4)
  An orc wizard (D:4)
  2 oozes
  2 dart slugs
  A leopard gecko (D:1)
  8 orcs
  2 bats
  3 giant cockroaches
  4 goblins
  9 hobgoblins
  5 jackals
  A quokka (D:3)
  5 frilled lizards
  2 kobolds
  4 rats
51 creatures vanquished.

Grand Total: 59 creatures vanquished

Notes
Turn   | Place    | Note
-------+----------+-------------------------------------------
     0 | D:1      | Gospel the Mummy Summoner began the quest for the Orb.
     0 | D:1      | Reached XP level 1. HP: 13/13 MP: 4/4
   568 | D:1      | Reached XP level 2. HP: 19/19 MP: 1/6
  1933 | D:2      | Reached XP level 3. HP: 13/24 MP: 2/8
  2064 | D:2      | Learned a level 2 spell: Call Imp
  2068 | D:2      | Learned a level 3 spell: Call Canine Familiar
  2081 | D:2      | Found a deep blue altar of Sif Muna.
  2659 | D:3      | Found a sparkling altar of Nemelex Xobeh.
  3738 | D:4      | Reached XP level 4. HP: 27/30 MP: 1/10
  3877 | D:4      | Noticed a phantom
  3985 | D:4      | Killed from afar by an orc wizard

Levels and vault maps discovered:
D:1:      mrwooster_arrival_statue, layout_basic, grunt_decor_cap
D:2:      layout_rooms, lemuel_doored_altar
D:3:      layout_loops_ring, nemelex_xobeh_ov_fountains_minmay,
          corexii_corridor_pit, serial_bayou_pond_d
D:4:      black_bear_nest_2, layout_basic, minitemple,
          nicolae_tso_besieged_by_evil, first_ration, serial_shops, shop,
          minmay_liquid_box, uniq_edmund

Skill      XL: |  1  2  3 |
---------------+----------+-----
Spellcasting   | 3 4 |  4.5
Summonings     | 4 |  4.2
Dodging        | |  1.5
Stealth        | |  1.5

Action                   |  1- 3 |  4- 6 || total
-------------------------+-------+-------++-------
Melee: Unarmed           |    59 |     1 ||    60
 Cast: Summon Small Mamm |    81 |     1 ||    82
       Call Canine Famil |    17 |     4 ||    21
       Call Imp          |     6 |     4 ||    10
  Use: Scroll            |       |     1 ||     1
 Stab: Sleeping          |     1 |       ||     1
Armor: Robe              |    28 |     1 ||    29
Dodge: Dodged            |    91 |     5 ||    96

Table legend:
 A = Non-vault XP
 B = Vault XP
 C = Vault XP percentage of total XP
 D = Non-vault monster count
 E = Vault monster count
 F = Vault count percentage of total count
                 A         B        C        D         E       F
            +---------+---------+-------+---------+---------+-------
      Total |     145 |       0 |   0.0 |      59 |       0 |   0.0
            +---------+---------+-------+---------+---------+-------
        D:1 |      36 |       0 |   0.0 |      24 |       0 |   0.0
        D:2 |      17 |       0 |   0.0 |      13 |       0 |   0.0
        D:3 |      22 |       0 |   0.0 |      16 |       0 |   0.0
        D:4 |      70 |       0 |   0.0 |       6 |       0 |   0.0
            +---------+---------+-------+---------+---------+-------
